 Dungeon Crawl Stone Soup version 0.31-a0-231-g51bb95cda3 (webtiles) character file.

Game seed: 4937937588986965535

15 qw the Shooter (level 2, -5/16 HPs)
             Began as a Gargoyle Hexslinger on July 6, 2023.
             Slain by a worm (7 damage)
             ... on level 2 of the Dungeon.
             The game lasted 00:00:17 (808 turns).

qw the Shooter (Gargoyle Hexslinger)                 Turns: 808, Time: 00:00:17

Health: -5/16      AC:  5    Str: 11    XL:     2   Next: 50%
Magic:  3/3        EV: 11    Int: 13    God:
Gold:   34         SH:  0    Dex: 12    Spells: 2/3 levels left

rFire   . . .        Y - +1 sling
rCold   . . .        (no shield)
rNeg    + . .        e - +0 leather armour
rPois   inf          (no helmet)
rElec   +            (no cloak)
rCorr   .            (no gloves)
SInv    .            (no boots)
Will    .....        (no amulet)
Stlth   +            (no ring)
HPRegen 0.22/turn    (no ring)
MPRegen 0.08/turn

%: no passive effects
@: no status effects
A: sickness immunity, AC +2, negative energy resistance 1, electricity
resistance, torment resistance 1, petrification resistance
a: no special abilities


You were on level 2 of the Dungeon.
You visited 1 branch of the dungeon, and saw 2 of its levels.

You collected 34 gold pieces.


Innate Abilities, Weirdness & Mutations

You are immune to sickness and miasma.
Your stone body is resilient. (AC +2)
You are immune to poison.
You resist negative energy. (rN+)
You are resistant to electric shocks. (rElec)
You are resistant to unholy torment.
You are immune to petrification.


   Skills:
 + Level 1.2 Fighting
 - Level 3.0 Ranged Weapons
 - Level 1.5 Dodging
 - Level 1.0 Spellcasting
 - Level 2.6 Hexes


You had 2 spell levels left.
You knew the following spells:

 Your Spells              Type           Power      Damage    Failure   Level
a - Slow                  Hex            28%        N/A       12%         1

Your spell library contained the following spells:

 Spells                   Type           Power      Damage    Failure   Level
 Inner Flame              Hex/Fire       4%         N/A       54%         3
 Portal Projectile        Hex/Tloc       8%         N/A       54%         3
 Cause Fear               Hex            3%         N/A       77%         4

Inventory:

Hand Weapons
 Y - a +1 sling (weapon)
Armour
 e - a +0 leather armour (worn)

Dungeon Overview and Level Annotations

Branches:
Dungeon (2/15)

Altars:


Message History

The worm is severely wounded.
The worm barely misses you.
You shoot a sling bullet. The sling bullet hits the worm.
The worm is almost dead.
The worm bites you but does no damage.
You shoot a sling bullet. The sling bullet hits the worm.
The worm is almost dead.
The frilled lizard bites you. The worm bites you!
Ouch! That really hurt!
You shoot a sling bullet.
The sling bullet barely misses the worm.
You feel your willpower return. The frilled lizard barely misses you.
The frilled lizard hisses.
The frilled lizard bites you.
You shoot a sling bullet.
The sling bullet barely misses the worm.
The frilled lizard closely misses you. The worm bites you but does no damage.
You shoot a sling bullet.
The sling bullet barely misses the worm.
The frilled lizard barely misses you. The worm bites you but does no damage.
The frilled lizard closely misses you.
You shoot a sling bullet.
The sling bullet hits the worm but does no damage.
The worm is severely wounded.
The frilled lizard barely misses you. The worm bites you.
You shoot a sling bullet. The sling bullet hits the worm.
The worm is almost dead.
The frilled lizard bites you. The worm barely misses you.
You shoot a sling bullet.
The sling bullet barely misses the worm.
The frilled lizard hisses.
The frilled lizard bites you but does no damage. x2
You shoot a sling bullet.
The sling bullet barely misses the worm.
The worm barely misses you. The frilled lizard closely misses you.
You shoot a sling bullet. The sling bullet hits the worm.
The worm is almost dead.
The frilled lizard misses you. The worm bites you!
You die...

...# . #..# ..
.... ... #..#
....##..#
........######.
......wl.......
#@# #.#
.######.####
...........#
.###.#####<# #
#.# #.# #.. ###


You could see a worm and a frilled lizard.

Vanquished Creatures
  A ball python (D:1)
  3 endoplasms (D:1)
  3 hobgoblins (D:1)
  3 bats (D:1)
  A kobold (D:1)
  2 rats (D:1)
13 creatures vanquished.

Notes
Turn   | Place    | Note
-------+----------+-------------------------------------------
     0 | D:1      | qw the Gargoyle Hexslinger began the quest for the Orb.
     0 | D:1      | Reached XP level 1. HP: 12/12 MP: 2/2
     0 | D:1      | 0 ||| qw: Version: 0.3-a-46-gb1f654a
     0 | D:1      | 0 ||| qw: Game counter: 1818
     0 | D:1      | 0 ||| qw: Melee chars always use a shield: true
     0 | D:1      | 0 ||| qw: God list: Okawaru
     0 | D:1      | 0 ||| qw: Allow faded altars: false
     0 | D:1      | 0 ||| qw: Do Orc after clearing Dungeon:15 true
     0 | D:1      | 0 ||| qw: Do second Lair branch before Depths: true
     0 | D:1      | 0 ||| qw: Lair rune preference: random
     0 | D:1      | 0 ||| qw: Goals: Normal
     0 | D:1      | 0 ||| PLANNING D:1-11
   163 | D:1      | Reached XP level 2. HP: 16/16 MP: 3/3
   520 | D:1      | Reached skill level 3 in Ranged Weapons
   643 | D:1      | Found a faded altar of an unknown god.
   737 | D:1      | 737 ||| UPGRADING to +0 leather armour.
   747 | D:1      | 747 ||| DROPPING +0 robe.
   748 | D:1      | 748 ||| DROPPING ring of wizardry.
   749 | D:1      | 749 ||| READING scroll labelled LAIPLUNLIL.
   759 | D:1      | 759 ||| READING scroll labelled WUDINOSINO.
   760 | D:1      | 760 ||| READING 2 scrolls labelled HUJOFY RYKIOJOZU.
   761 | D:1      | 761 ||| READING scroll labelled BESYZU SOTEDGHI.
   762 | D:1      | 762 ||| DROPPING scroll of poison.
   763 | D:1      | 763 ||| DROPPING scroll of immolation.
   801 | D:2      | HP: 4/16 [frilled lizard (1)]
   804 | D:2      | HP: 1/16 [worm (4)]
   808 | D:2      | Slain by a worm

Levels and vault maps discovered:
D:1:      lemuel_arrival_funnel, layout_basic,
          shapermc_ecumenical_altar_rom_forum
D:2:      minmay_angry_zag, layout_loops_ring, basic_altar

Skill      XL: |  1  2 |
---------------+-------+-----
Ranged Weapons | 3 |  3.0
Fighting       | |  1.2
Dodging        | |  1.5
Spellcasting   | |  1.0
Hexes          | |  2.6

Action                     || total
---------------------------++-------
   Fire: Sling             ||    64
    Use: Scroll            ||     4
 Armour: Robe              ||     8
         Leather armour    ||     5
  Dodge: Dodged            ||    31

Table legend:
 A = Non-vault XP
 B = Vault XP
 C = Vault XP percentage of total XP
 D = Non-vault monster count
 E = Vault monster count
 F = Vault count percentage of total count
                 A         B        C        D         E       F
            +---------+---------+-------+---------+---------+-------
      Total |      22 |       0 |   0.0 |      13 |       0 |   0.0
            +---------+---------+-------+---------+---------+-------
        D:1 |      22 |       0 |   0.0 |      13 |       0 |   0.0
            +---------+---------+-------+---------+---------+-------
